 Dungeon Crawl Stone Soup version 0.23.1 (webtiles) character file.

Game seed: 18428139808483586686

172 Norn the Poker (level 5, 0/41 HPs)
             Began as a Merfolk Skald on Mar 6, 2019.
             Slain by Grinder (4 damage)
             ... on level 3 of the Dungeon.
             The game lasted 00:05:06 (3099 turns).

Norn the Poker (Merfolk Skald)                      Turns: 3099, Time: 00:05:07

Health: 0/41       AC:  3    Str: 12    XL:     5   Next: 53%
Magic:  8/8        EV: 14    Int: 12    God:
Gold:   105        SH:  0    Dex: 14    Spells: 7/8 levels left

rFire    . . .     SeeInvis .   y - +0 trident
rCold    . . .     Gourm    .   (no shield)
rNeg     . . .     Faith    .   b - +0 leather armour
rPois    .         Spirit   .   (no helmet)
rElec    .         Reflect  .   (no cloak)
rCorr    .         Harm     .   (no gloves)
MR       .....                  (no boots)
Stlth    +.........             (no amulet)
HPRegen  0.13/turn              (no ring)
MPRegen  0.11/turn              (no ring)

@: no status effects
A: change form in water, swift swim, stealthy swim
a: no special abilities


You were on level 3 of the Dungeon.
You were not hungry.

You visited 1 branch of the dungeon, and saw 3 of its levels.

You collected 105 gold pieces.

Inventory:

Hand Weapons
 a - a +0 spear
 n - a +0 hunting sling
   (You found it on level 2 of the Dungeon)
 y - a +0 trident (weapon)
   (You took it off Terence on level 3 of the Dungeon)
Missiles
 o - 32 stones (quivered)
Armour
 b - a +0 leather armour (worn)
 k - a +0 cloak
   (You found it on level 1 of the Dungeon)
 w - a +0 cloak
   (You found it on level 3 of the Dungeon)
 z - a +0 chain mail of positive energy
   (You took it off Terence on level 3 of the Dungeon)
Jewellery
 f - a +5 ring of dexterity {unknown}
   (You found it on level 3 of the Dungeon)
 i - an uncursed ring of wizardry {unknown}
   (You found it on level 1 of the Dungeon)
 p - a +4 ring of dexterity {unknown}
   (You found it on level 2 of the Dungeon)
Scrolls
 c - a scroll of random uselessness {unknown}
 d - a scroll of remove curse {unknown}
 j - a scroll of blinking
 m - 2 scrolls of identify {unknown}
 s - 2 scrolls of amnesia {unknown}
 t - a scroll of teleportation {@r4}
 v - a scroll of enchant weapon {unknown}
Potions
 g - 2 potions of heal wounds {unknown}
 h - a potion of invisibility {unknown}
 l - 3 potions of curing {unknown}
 q - a potion of agility {unknown}
 r - a potion of magic {unknown}
 u - a potion of haste {unknown}
 A - 2 potions of might {unknown}
Comestibles
 e - 5 rations {!d}


   Skills:
 + Level 3.5 Fighting
 * Level 6.1 Polearms
 - Level 0.6 Armour
 + Level 4.3 Dodging
 - Level 2.0 Spellcasting
 - Level 3.2 Charms


You had 7 spell levels left.
You knew the following spells:

 Your Spells              Type           Power        Failure   Level  Hunger
a - Infusion              Chrm           #...         9%          1    ##.....

Your spell library contained the following spells:

 Spells                   Type           Power        Failure   Level  Hunger
 Song of Slaying          Chrm           #.......     14%         2    ###....
 Shroud of Golubria       Chrm/Tloc      #.........   26%         2    ###....
 Regeneration             Chrm/Necr      #.........   47%         3    ####...
 Spectral Weapon          Hex/Chrm       #.......     47%         3    ####...


Dungeon Overview and Level Annotations

Branches:
Dungeon (3/15)

Altars:
Ashenzari
Nemelex Xobeh

Annotations:
D:3 2 runed translucent doors, Grinder; kalodont's ghost, amateur KoEn


Message History

Grinder hits you but does no damage. Grinder hits you.
You writhe in agony.
Grinder hits you.
You writhe in agony.
Grinder blinks!
You can move again.
Grinder grins, showing sharp teeth.
Grinder completely misses you.
There is a stone staircase leading up here.
You barely miss Grinder.
Grinder says, "What is the universe for?"
Grinder hits you.
You writhe in agony.
* * * LOW HITPOINT WARNING * * *
Your leather armour prevents you from hitting Grinder.
Grinder closely misses you.
You hit Grinder. Grinder closely misses you.
You puncture Grinder! Grinder hits you.
* * * LOW HITPOINT WARNING * * *
You writhe in agony.
* * * LOW HITPOINT WARNING * * *
You closely miss Grinder. Grinder gestures at you.
Pain shoots through your body!
* * * LOW HITPOINT WARNING * * *
You closely miss Grinder.
Grinder blinks!
You climb upwards.
There is a stone staircase leading down here.
You start resting.
Eating one of 2 chunks of flesh.
You eat one of the 2 chunks of flesh.
All of the chunks of flesh in your inventory have rotted away.
You climb downwards.
Level annotation: 2 runed translucent doors, Grinder; kalodont's ghost, amateur KoEn Grinder gestures at you.
You suddenly lose the ability to move!
You can move again.
There is a stone staircase leading up here.
You closely miss Grinder. Grinder hits you.
You barely miss Grinder. Grinder barely misses you.
You hit Grinder but do no damage. Grinder hits you but does no damage.
You hit Grinder.
Grinder blinks!
You hit Grinder. Grinder hits you!
You writhe in agony.
You closely miss Grinder. Grinder hits you.
You closely miss Grinder. Grinder barely misses you.
You puncture Grinder! Grinder hits you!
* * * LOW HITPOINT WARNING * * *
You writhe in agony.
* * * LOW HITPOINT WARNING * * *
Grinder hits you.
* * * LOW HITPOINT WARNING * * *
You writhe in agony.
You die...

########## ######### .........#
##...#...## .........#
###.........## .........#
#............# .........#
#............# .........#
##............#
.........###....@.......#
.........##......5.....##
............#.......####
............#####.#..##########
###÷#####..######.##..........#
###.....[..###....##..........#
#....###....#..##.............#
..#.##........###.......#######
###..#.#..÷.....>..#..###


You could see Grinder.

Vanquished Creatures
  Terence (D:3)
  Natasha (thrice) (D:3)
  An ooze (D:3)
  2 worms
  3 dart slugs
  3 leopard geckos
  An orc (D:2)
  2 giant cockroaches
  6 goblins
  4 hobgoblins
  4 jackals (D:2)
  6 kobolds
  2 quokkas
  A ball python (D:1)
  9 bats
  2 frilled lizards
  4 rats
54 creatures vanquished.

Vanquished Creatures (others)
  3 fungi (D:3)
3 creatures vanquished.

Grand Total: 57 creatures vanquished

Notes
Turn   | Place    | Note
-------+----------+-------------------------------------------
     0 | D:1      | Norn the Merfolk Skald began the quest for the Orb.
     0 | D:1      | Reached XP level 1. HP: 16/16 MP: 3/3
   133 | D:1      | Reached XP level 2. HP: 23/23 MP: 5/5
   714 | D:2      | Reached skill level 4 in Polearms
   745 | D:2      | Reached XP level 3. HP: 24/28 MP: 6/6
  1857 | D:3      | Reached XP level 4. HP: 30/35 MP: 7/7
  1879 | D:3      | Noticed Terence
  1898 | D:2      | Found a sparkling altar of Nemelex Xobeh.
  1898 | D:2      | Found a shattered altar of Ashenzari.
  1951 | D:3      | Killed Terence
  1951 | D:3      | Reached skill level 5 in Polearms
  2125 | D:3      | Noticed Natasha
  2127 | D:3      | Noticed Grinder
  2136 | D:3      | Paralysed by Grinder for 7 turns
  2404 | D:3      | Killed Natasha
  2404 | D:3      | Reached XP level 5. HP: 20/41 MP: 8/8
  2629 | D:3      | Found a runed translucent gate.
  2630 | D:3      | Found a runed translucent gate.
  2630 | D:3      | Noticed kalodont's ghost (amateur KoEn)
  2631 | D:3      | Noticed Natasha
  2640 | D:3      | Killed Natasha
  2669 | D:3      | Paralysed by Grinder for 6 turns
  2732 | D:3      | Noticed Natasha
  2741 | D:3      | Killed Natasha
  2741 | D:3      | Reached skill level 6 in Polearms
  2871 | D:3      | Paralysed by Grinder for 7 turns
  3086 | D:3      | Paralysed by Grinder for 3 turns
  3099 | D:3      | Slain by Grinder

Skill      XL: |  1  2  3  4  5 |
---------------+----------------+-----
Dodging        | 3 4 |  4.3
Polearms       | 4 5 6 |  6.1
Fighting       | 3 |  3.5
Armour         | |  0.6
Spellcasting   | |  2.0
Charms         | |  3.2

Action                   |  1- 3 |  4- 6 || total
-------------------------+-------+-------++-------
Melee: Spear             |   172 |    11 ||   183
       Trident           |       |    55 ||    55
       Unarmed           |       |    15 ||    15
  Use: Scroll            |       |     2 ||     2
 Stab: Sleeping          |     1 |       ||     1
  Eat: Chunk             |     2 |     5 ||     7
Armor: Leather armour    |    24 |     5 ||    29
       Skin              |       |     1 ||     1
Dodge: Dodged            |    91 |    30 ||   121
